 Dungeon Crawl Stone Soup version 0.19.1-1-g22dce08 (webtiles) character file.

60 Lahna the Twirler (level 3, 0/24 HPs)
             Began as a Demonspawn Gladiator on Jan 17, 2017.
             Was an Initiate of Hepliaklqana.
             Killed by divine providence
             ... invoked by an orc priest
              (7 damage)
             ... on level 3 of the Dungeon.
             The game lasted 00:03:44 (2361 turns).

Lahna the Twirler (Demonspawn Gladiator)            Turns: 2361, Time: 00:03:45

Health: 0/24       AC:  7    Str: 15    XL:     3   Next: 82%
Magic:  0/3        EV: 12    Int:  9    God:    Hepliaklqana [......]
Gold:   136        SH:  0    Dex: 14    Spells: 0 memorised, 2 levels left

rFire  . . .     SeeInvis .     a - +0 quarterstaff
rCold  . . .     Gourm    .     b - +0 leather armour
rNeg   . . .     Faith    .     (shield currently unavailable)
rPois  .         Spirit   +     c - +0 helmet
rElec  .         Reflect  .     (no cloak)
rCorr  .         Harm     .     s - +2 pair of gloves
MR     .....                    (no boots)
Stlth  +.........               (no amulet)
                                (no ring)
                                (no ring)

@: no status effects
A: reduced essence, powered by pain 1, magic shield
a: Recall Ancestor, Ancestor Identity, Renounce Religion


You were on level 3 of the Dungeon.
You worshipped Hepliaklqana.
Hepliaklqana was noncommittal.
You were not hungry.

You visited 1 branch of the dungeon, and saw 3 of its levels.

You collected 136 gold pieces.

Inventory:

Hand Weapons
 a - a +0 quarterstaff (weapon)
Missiles
 d - 3 throwing nets (quivered)
Armour
 b - a +0 leather armour (worn)
 c - a +0 helmet (worn)
 s - a +2 pair of gloves (worn)
Scrolls
 h - 2 scrolls of identify {unknown}
 i - 4 scrolls of remove curse {unknown}
 l - 2 scrolls of teleportation {unknown}
Potions
 e - 2 potions of degeneration {unknown}
 g - a potion of curing {unknown}
 j - 2 potions of lignification {unknown}
 m - a potion of cancellation {unknown}
 n - a potion of flight {unknown}
 o - a potion of haste {unknown}
 p - a potion of brilliance {unknown}
Comestibles
 f - 5 bread rations
 k - 2 meat rations
 q - 5 chunks of flesh
 r - a royal jelly


   Skills:
 - Level 2.0 Fighting
 - Level 4.0 Staves
 - Level 2.0 Throwing
 - Level 1.0 Armour
 + Level 2.7 Dodging


You had 2 spell levels left.
You didn't know any spells.

Dungeon Overview and Level Annotations

Branches:
Dungeon (3/15)

Altars:
Hepliaklqana
Uskayaw


Innate Abilities, Weirdness & Mutations

You sometimes gain a little power by taking damage.
When hurt, damage is shared between your health and your magic reserves.
Your life essence is reduced. (-10% HP)


Message History

Sinnashi misses the orc wizard.
The orc wizard miscasts a cantrip.
The orc barely misses Sinnashi.
You hit the orc wizard.
The orc wizard is moderately wounded.
Sinnashi hits the orc wizard but does no damage.
The orc wizard mumbles some strange words.
The orc wizard seems to speed up.
The orc hits Sinnashi with a whip!
The orc priest mumbles some strange prayers to Beogh against you.
Beogh smites you!
Ouch! That really hurt!
You focus on the pain.
You feel your power returning.
Sinnashi closely misses the orc wizard.
You closely miss the orc wizard.
The orc wizard is moderately wounded.
The orc wizard hits you with a dagger.
* * * LOW HITPOINT WARNING * * *
The orc priest calls down the wrath of Beogh upon you.
Beogh smites you!
You die...

#.....#.###...#
###.........#...
#.......# #.#.##
........# #...?
#.#.....###.#(# #
....#.......#.#####.###
8...#####..#...........
.8...####...(....##.##
_.8.............@#
.8...###(........oo.#
8....#
#.........R..o...
.....#
#.....#.########[
.....# ##...##...
##...# ##.#######
.....#####.#
...........#######
##...#####........


You could see the friendly Sinnashi the ancestor, an orc priest, an orc wizard
and an orc.

Vanquished Creatures
  2 adders (D:2)
  A worm (D:3)
  2 dart slugs (D:1)
  3 leopard geckos
  A giant cockroach (D:2)
  3 goblins
  4 hobgoblins
  2 quokkas (D:2)
  A ball python (D:3)
  2 bats
  3 kobolds
  3 rats
27 creatures vanquished.

Vanquished Creatures (collateral kills)
  An ooze (D:2)
  A kobold (D:3)
2 creatures vanquished.

Grand Total: 29 creatures vanquished

Notes
Turn   | Place    | Note
-------+----------+-------------------------------------------
     0 | D:1      | Lahna the Demonspawn Gladiator began the quest for the Orb.
     0 | D:1      | Reached XP level 1. HP: 16/16 MP: 1/1
   241 | D:1      | Reached skill level 3 in Staves
   657 | D:1      | Gained mutation: You sometimes gain a little power by taking damage. [demonic ancestry]
   657 | D:1      | Reached XP level 2. HP: 20/22 MP: 2/2
  1464 | D:2      | Gained mutation: When hurt, damage is shared between your health and your magic reserves. [demonic ancestry]
  1464 | D:2      | Reached XP level 3. HP: 27/27 MP: 3/3
  1580 | D:2      | Found a hazy altar of Hepliaklqana.
  1728 | D:2      | Became a worshipper of Hepliaklqana the Forgotten
  1731 | D:2      | Reached skill level 4 in Staves
  1938 | D:2      | Reached skill level 1 in Armour
  2248 | D:3      | Found a hide-covered altar of Uskayaw.
  2277 | D:3      | Found a faded altar of an unknown god.
  2361 | D:3      | Killed from afar by an orc priest

Skill      XL: |  1  2  3 |
---------------+----------+-----
Staves         | 3 4 |  4.0
Armour         | 1 |  1.0
Throwing       | 2 |  2.0
Fighting       | |  2.0
Dodging        | |  2.7

Action                   || total
-------------------------++-------
Melee: Quarterstaff      ||    87
  Eat: Chunk             ||     4
Armor: Leather armour    ||    18
Dodge: Dodged            ||    54
